 Dungeon Crawl Stone Soup version 0.23-a0-296-ga3b1b28 (webtiles) character file.

116 iamserjio the Skirmisher (level 5, -7/33 HPs)
             Began as a Gargoyle Berserker on Oct 5, 2018.
             Was a Believer of Trog.
             Mangled by Menkaure (16 damage)
             ... on level 4 of the Dungeon.
             The game lasted 00:04:19 (626 turns).

iamserjio the Skirmisher (Gargoyle Berserker)        Turns: 626, Time: 00:04:19

Health: -7/33      AC: 14    Str: 21    XL:     5   Next: 0%
Magic:  5/5        EV:  8    Int:  7    God:    Trog [**....]
Gold:   84         SH:  0    Dex: 10    Spells: 4/4 levels left

rFire    . . .     SeeInvis .   a - +0 hand axe
rCold    . . .     Gourm    .   (no shield)
rNeg     + . .     Faith    .   d - +0 chain mail
rPois    ∞         Spirit   .   (no helmet)
rElec    +         Reflect  .   h - +0 cloak
rCorr    .         Harm     .   (no gloves)
MR       .....                  (no boots)
Stlth    ..........             (no amulet)
HPRegen  0.11/turn              (no ring)
MPRegen  0.09/turn              (no ring)

@: berserk cooldown, slowed, very slow
A: negative energy resistance 1, electricity resistance, unbreathing,
petrification resistance, rot immunity, AC +4
a: Berserk, Trog's Hand, Renounce Religion


You were on level 4 of the Dungeon.
You worshipped Trog.
Trog was pleased with you.
You were not hungry.

You visited 1 branch of the dungeon, and saw 4 of its levels.

You collected 84 gold pieces.

Inventory:

Hand Weapons
 a - a +0 hand axe (weapon)
 k - a +0 blowgun
Missiles
 j - 2 curare-tipped needles {!f}
 l - 12 poisoned needles
Armour
 b - a +0 animal skin
 d - a +0 chain mail (worn)
 h - a +0 cloak (worn)
Scrolls
 e - a scroll of fog {unknown}
 g - a scroll of identify {unknown}
Comestibles
 c - 2 rations
 f - 4 chunks of flesh


   Skills:
 + Level 4.1 Fighting
 * Level 4.0 Axes
 + Level 3.2 Armour
 - Level 1.5 Dodging


You had 4 spell levels left.
You didn't know any spells.
Your spell library was empty.

Dungeon Overview and Level Annotations

Branches:
Dungeon (4/15)
 Temple: D:4-7

Altars:
Vehumet

Annotations:
D:4 Menkaure


Innate Abilities, Weirdness & Mutations

You are resistant to torment.
Your stone body is resilient. (AC +4)
You are immune to poison.
You resist negative energy. (rN+)
You are resistant to electric shocks. (rElec)
You can survive without breathing.
You are immune to petrification.
You are immune to rotting.


Message History

Menkaure points at you and mumbles some strange words.
You are unaffected.
The jackal barely misses you. The adder bites you but does no damage.
The jackal bites you but does no damage.
You hit Menkaure. You hit the jackal.
You kill the jackal!
Trog accepts your kill.
You have reached level 5!
You hit the jackal. You miss the adder. The jackal bites you.
Menkaure hits you but does no damage. The adder bites you.
* * * LOW HITPOINT WARNING * * *
The jackal bites you but does no damage.
Menkaure gestures ominously.
Menkaure hits you but does no damage. The adder bites you but does no damage.
Okay, then.
You feel better. The jackal barely misses you. Menkaure hits you.
The adder bites you but does no damage. The jackal bites you.
* * * LOW HITPOINT WARNING * * *
Menkaure hits you!
You die...

........#
........
######......
...........
..........#
..........#
=.....MSh.#
#@..# #.).#
#)).# #)).#
##...#...
#........#
#.########
#.# #.#


You could see Menkaure, an adder and a jackal.

Vanquished Creatures
  An orc priest (D:4)
  An orc wizard (D:4)
  An adder (D:2)
  An ooze (D:1)
  3 worms
  7 orcs (D:4)
  5 bats
  3 giant cockroaches
  A goblin (D:3)
  A hobgoblin (D:2)
  3 jackals (D:4)
  A frilled lizard (D:2)
  2 kobolds
  2 rats
32 creatures vanquished.

Notes
Turn   | Place    | Note
-------+----------+-------------------------------------------
     0 | D:1      | iamserjio the Gargoyle Berserker began the quest for the
                  | Orb.
     0 | D:1      | Reached XP level 1. HP: 14/14 MP: 1/1
    86 | D:1      | Reached XP level 2. HP: 8/19 MP: 2/2
   307 | D:2      | Reached XP level 3. HP: 3/23 MP: 3/3
   537 | D:3      | Found a radiant altar of Vehumet.
   599 | D:4      | Reached XP level 4. HP: 29/29 MP: 4/4
   606 | D:4      | Reached ** piety under Trog
   611 | D:4      | Noticed Menkaure
   625 | D:4      | Reached XP level 5. HP: 12/33 MP: 5/5
   626 | D:4      | Mangled by Menkaure

Vault maps used:
D:1:      dpeg_arrival_chase, due_unseen_surprise
D:3:      old_standard_altar, makhleb_heckhound_becter, vehumet_crystals,
          nicolae_overflow_crystal_walls
D:4:      dk_rats_in_the_wall, uniq_sigmund, uniq_edmund, uniq_menkaure

Skill      XL: |  1  2  3  4 |
---------------+-------------+-----
Axes           | 3 4 |  4.0
Armour         | 3 |  3.2
Fighting       | 4 |  4.1
Dodging        | |  1.5

Action                   |  1- 3 |  4- 6 || total
-------------------------+-------+-------++-------
Melee: Hand axe          |   107 |    17 ||   124
Invok: Berserk           |     4 |       ||     4
       Trog's Hand       |       |     1 ||     1
  Use: Potion            |       |     2 ||     2
  Eat: Chunk             |     2 |     1 ||     3
Armor: Chain mail        |    65 |    28 ||    93
       Animal skin       |     1 |       ||     1
Dodge: Dodged            |    51 |    23 ||    74

Table legend:
 A = Non-vault XP
 B = Vault XP
 C = Vault XP percentage of total XP
 D = Non-vault monster count
 E = Vault monster count
 F = Vault count percentage of total count
                 A         B        C        D         E       F
            +---------+---------+-------+---------+---------+-------
      Total |     166 |       0 |   0.0 |      32 |       0 |   0.0
            +---------+---------+-------+---------+---------+-------
        D:1 |      10 |       0 |   0.0 |       3 |       0 |   0.0
        D:2 |      34 |       0 |   0.0 |      11 |       0 |   0.0
        D:3 |      12 |       0 |   0.0 |       5 |       0 |   0.0
        D:4 |     110 |       0 |   0.0 |      13 |       0 |   0.0
            +---------+---------+-------+---------+---------+-------
